AoeStats
← Mknolix

Arena

510130563Analyzed
4v4 RM · 4d ago on Sep 29, 2026· 70m 18s· 8 players
Game mode
Random Map
Map size
Large (8 player)
Population
200
Speed
Normal
Resources
Standard
Victory
Conquest
Starting age
Dark Age
Ending age
Imperial Age
RankedLock teamsTeams togetherTeam positionsShared explorationLock speedFull tech treeHidden civsTurbo modeCheats
Victory
Defeat
🇦🇷 Sicilians · Argentina
1079
+13
🇨🇴 Bohemians · Colombia
983
+17
🇨🇴 Goths · Colombia
983
+17
🇷🇺 Varangians · Russia
946
+18
🇩🇪 Jurchens · Germany
1035
-17
🇮🇳 Celts · India
1012
-17
🇬🇧 Cumans · United Kingdom
986
-16
🇨🇿 Franks · Czechia
977
-15
SGSCavalry80
6:16 Loom
9:06 Feudal Age
9:51 Double-Bit Axe
12:25 Wheelbarrow
15:42 Wheelbarrow
15:03 Town Watch
19:04 Stone Mining
22:13 Castle Age
20:35 Bloodlines
21:10 Forging
21:05 Scale Barding Armor
23:31 Capped Ram
24:05 Horse Collar
31:42 Iron Casting
31:28 Chain Barding Armor
33:04 Hand Cart
33:00 Gold Mining
36:56 Imperial Age
34:31 Heavy Plow
35:10 Fletching
35:58 Gold Shaft Mining
37:12 Bodkin Arrow
38:13 Conscription
37:32 Cavalier
39:03 Paladin
40:09 Cuman Mercenaries
41:16 Blast Furnace
42:08 Bow Saw
43:46 Masonry
43:58 Ballistics
44:38 Chemistry
43:55 Onager
44:43 Murder Holes
50:55 Light Cavalry
57:26 Fervor
64:55 Steppe Husbandry
TDI power
5:38 Loom
11:18 Feudal Age
15:29 Castle Age
14:24 Double-Bit Axe
18:41 Wheelbarrow
19:09 Forging
21:04 Bow Saw
22:01 Squires
22:07 Scale Mail Armor
22:52 Gambesons
27:21 Town Watch
27:41 Stone Mining
27:42 Gold Mining
30:34 Scale Barding Armor
31:04 Iron Casting
31:26 Husbandry
34:02 Imperial Age
31:51 Hand Cart
31:38 Town Patrol
33:26 Gold Shaft Mining
33:16 Chain Barding Armor
34:08 Cavalier
35:50 Blast Furnace
35:26 Plate Barding Armor
37:09 Paladin
40:07 Chain Mail Armor
40:26 Elite Throwing Axeman
44:32 Plate Mail Armor
53:16 Light Cavalry
55:29 Ballistics
55:15 Siege Engineers
55:08 Murder Holes
55:24 Masonry
58:16 Caravan
65:50 Chemistry
64:19 Pikeman
64:20 Man-at-Arms
64:46 Arson
66:10 Halberdier
Pandinus
0:47 Loom
11:00 Feudal Age
16:03 Castle Age
14:39 Double-Bit Axe
14:49 Horse Collar
16:34 Fletching
17:51 Bodkin Arrow
21:36 Town Watch
24:31 Fortified Bastions
27:31 Wheelbarrow
28:01 Bloodlines
29:26 Husbandry
30:44 Ballistics
33:16 Masonry
36:36 Imperial Age
34:57 Bow Saw
34:49 Heavy Plow
34:29 Light Cavalry
35:00 Treadmill Crane
35:43 Hand Cart
36:30 Scale Barding Armor
37:05 Town Patrol
38:03 Chain Barding Armor
38:32 Hussar
39:29 Gold Mining
41:49 Plate Barding Armor
43:32 Gold Shaft Mining
44:47 Forging
45:45 Stone Mining
46:56 Architecture
47:40 Two-Man Saw
47:53 Iron Casting
48:24 Elite Steppe Lancer
50:24 Blast Furnace
50:45 Stone Shaft Mining
51:38 Chemistry
50:52 Caravan
51:33 Crop Rotation
54:16 Conscription
55:14 Murder Holes
55:22 Bracer
56:24 Fortified Wall
56:20 Siege Engineers
57:16 Hoardings
61:22 Coinage
63:02 Guilds
Harisudhan D
0:34 Loom
13:25 Feudal Age
15:14 Wheelbarrow
14:28 Double-Bit Axe
14:23 Horse Collar
23:34 Castle Age
22:39 Gold Mining
22:42 Stone Mining
26:59 Hand Cart
30:21 Imperial Age
30:15 Ballistics
31:31 Capped Ram
33:48 Siege Ram
35:01 Heavy Scorpion
38:32 Chemistry
37:42 Fortified Wall
40:16 Siege Engineers
Light
11:27 Feudal Age
12:21 Double-Bit Axe
16:17 Castle Age
14:03 Loom
14:17 Horse Collar
15:06 Fletching
16:46 Town Watch
18:29 Bow Saw
25:50 Imperial Age
24:07 Bodkin Arrow
29:21 Bracer
30:50 Ballistics
31:46 Scale Mail Armor
Drakefire0918
7:00 Loom
12:57 Feudal Age
13:45 Horse Collar
13:52 Double-Bit Axe
14:44 Wheelbarrow
14:20 Gold Mining
14:21 Stone Mining
21:52 Castle Age
22:04 Forging
21:54 Scale Mail Armor
22:05 Forging
21:55 Scale Mail Armor
25:05 Bow Saw
25:37 Heavy Plow
27:06 Hand Cart
28:31 Iron Casting
28:11 Chain Mail Armor
28:31 Iron Casting
34:02 Imperial Age
32:16 Anarchy
34:33 Elite Huskarl
35:13 Perfusion
35:35 Conscription
36:17 Blast Furnace
36:57 Two-Man Saw
36:29 Crop Rotation
38:00 Squires
41:18 Pikeman
42:10 Halberdier
44:54 Stone Mining
Morcota
11:44 Feudal Age
17:02 Castle Age
16:27 Double-Bit Axe
23:15 Wheelbarrow
23:14 Horse Collar
24:15 Ballistics
23:52 Town Watch
29:47 Chemistry
28:11 Crossbowman
28:20 Pikeman
29:04 Squires
43:48 Hand Cart
46:40 Loom
47:00 Arson
48:15 Town Patrol
54:31 Imperial Age
55:38 Fletching
55:49 Scale Mail Armor
56:44 Fervor
57:22 Bow Saw
57:17 Capped Ram
58:04 Bodkin Arrow
58:25 Chain Mail Armor
58:28 Halberdier
60:02 Houfnice
64:05 Plate Mail Armor
63:46 Forging
Mknolix
10:49 Feudal Age
14:26 Castle Age
12:28 Double-Bit Axe
13:13 Horse Collar
13:21 Loom
15:13 Wheelbarrow
15:53 Bow Saw
20:25 Heavy Plow
23:29 Squires
23:14 Arson
23:34 Scale Mail Armor
25:08 First Crusade
25:29 Chain Mail Armor
25:37 Forging
26:16 Hand Cart
28:18 Iron Casting
27:36 Fletching
31:52 Imperial Age
29:29 Bodkin Arrow
32:37 Masonry
32:10 Elite Serjeant
35:12 Plate Mail Armor
36:02 Blast Furnace
34:45 Capped Ram
36:07 Gold Mining
36:07 Stone Mining
36:50 Crop Rotation
36:21 Pikeman
37:06 Bracer
36:35 Onager
37:11 Halberdier
39:49 Gold Shaft Mining
42:14 Conscription
48:31 Town Watch
49:56 Siege Onager
54:51 Chemistry
53:57 Siege Engineers
64:45 Capped Ram
66:09 Caravan
67:47 Man-at-Arms
68:13 Gambesons
69:43 Long Swordsman
Connection lost

Rejoining the realm…

Still unreachable

The connection could not be restored.

Session expired

The server has moved on; the page needs a fresh start.